 Dungeon Crawl Stone Soup version 0.27-a0-652-g2d5cf1dcd3 (webtiles) character file.

Game seed: 5702229897998549094

79 Allula97 the Sneak (level 4, 0/33 HPs)
             Began as a Demonspawn Brigand on Mar 16, 2021.
             Was an Initiate of Ashenzari.
             Slain by a hobgoblin
             ... wielding a +0 club
             ... led by Robin
              (4 damage)
             ... on level 2 of the Dungeon.
             The game lasted 00:07:46 (2257 turns).

Allula97 the Sneak (Demonspawn Brigand)             Turns: 2257, Time: 00:07:46

Health: 0/33       AC:  4    Str: 13    XL:     4   Next: 16%
Magic:  4/4        EV: 12    Int: 12    God:    Ashenzari [......]
Gold:   110        SH:  0    Dex: 14    Spells: 4/4 levels left

rFire    . . .     SeeInvis .   a - +2 dagger
rCold    . . .     Faith    .   (no shield)
rNeg     . . .     Spirit   .   j - +0 leather armour
rPois    .         Reflect  .   (no helmet)
rElec    .         Harm     .   c - +0 cloak
rCorr    .         Rampage  .   (no gloves)
Will     .....                  (no boots)
Stlth    +++.......             o - amulet of magic regeneration
HPRegen  0.11/turn              k - ring "Restrained Together" {Wiz, Cun, Melee} (curse)
MPRegen  0.34/turn              (no ring)

@: no status effects
A: demonic magic 1
a: Renounce Religion, Curse Item, Shatter the Chains


You were on level 2 of the Dungeon.
You worshipped Ashenzari.
Ashenzari was noncommittal.
You visited 1 branch of the dungeon, and saw 2 of its levels.

You collected 110 gold pieces.

Inventory:

Hand Weapons
 a - a +2 dagger (weapon)
Missiles
 d - 14 poisoned darts (quivered)
 e - 2 curare-tipped darts
Armour
 b - a +0 robe
 c - a +0 cloak (worn)
 j - a +0 leather armour (worn)
 m - a +0 plate armour
Jewellery
 k - the cursed ring "Restrained Together" (right hand) {Wiz, Cun, Melee}
   (You found it on level 1 of the Dungeon)

   [ring of wizardry]

   It improves your spell success rate.
   It has a curse placed upon it.
 o - an amulet of magic regeneration (around neck)
Scrolls
 f - 5 scrolls of identify
 g - 2 scrolls of teleportation
 l - 2 scrolls of blinking
 n - a scroll of magic mapping
Potions
 i - a potion of brilliance


   Skills:
 * Level 2.2 Fighting
 * Level 2.2(2.6) Short Blades
 - Level 1.7 Throwing
 * Level 1.1 Armour
 * Level 1.6(2.0) Dodging
 * Level 4.4(4.9) Stealth
 * Level 0.5 Spellcasting


You had 4 spell levels left.
You didn't know any spells.
Your spell library was empty.

Dungeon Overview and Level Annotations

Branches:
Dungeon (2/15)

Altars:
Ashenzari
Cheibriados
Sif Muna

Annotations:
D:2 Robin


Innate Abilities, Weirdness & Mutations

Spells you cast may paralyse adjacent enemies.


Message History

You hit the goblin.
The goblin is moderately wounded.
You miss the goblin.
The goblin is moderately wounded.
The goblin barely misses you. The goblin hits you with a +0 dagger.
* * * LOW HITPOINT WARNING * * *
You hit the goblin.
You kill the goblin!
You hit the goblin.
You kill the goblin!
You hit the goblin.
The goblin is severely wounded.
The goblin hits you but does no damage.
You hit the goblin.
You kill the goblin!
You closely miss the goblin. The goblin hits you with a +0 dagger.
* * * LOW HITPOINT WARNING * * *
You feel better. The goblin barely misses you.
You hit the goblin.
The goblin is moderately wounded.
The goblin closely misses you.
You hit the goblin but do no damage.
The goblin is moderately wounded.
The goblin closely misses you.
You hit the goblin.
You kill the goblin!
You barely miss the hobgoblin. The hobgoblin barely misses you.
You hit the hobgoblin but do no damage. The hobgoblin barely misses you.
You hit the hobgoblin.
The hobgoblin is severely wounded.
The hobgoblin hits you with a +0 club.
* * * LOW HITPOINT WARNING * * *
You hit the hobgoblin but do no damage.
The hobgoblin is severely wounded.
The hobgoblin hits you with a +0 club.
* * * LOW HITPOINT WARNING * * *
You completely miss the hobgoblin.
The hobgoblin is severely wounded.
The hobgoblin hits you with a +0 club.
You die...

#g# #g# #.# #g# ..### #)###
..... #)g.#### ##### ###g#..#
#g#..##### ###### #.#..gg@.#
#..... #)##.###.# #######.####
#.)....#.# #.......#
#############.#.#.####.#######
.........†..#.#.#......#
###########.#.#†######## #
#.........#.#
#####.#####.###.#
......#####...#.#


You could see a hobgoblin and a goblin.

Vanquished Creatures
  A gnoll (D:1)
  An adder (D:2)
  2 worms (D:2)
  A dart slug (D:1)
  A leopard gecko (D:1)
  4 giant cockroaches
  9 goblins
  6 hobgoblins
  2 jackals (D:2)
  A quokka (D:2)
  A ball python (D:2)
  5 bats
  3 frilled lizards
  6 kobolds
  8 rats
51 creatures vanquished.

Notes
Turn   | Place    | Note
-------+----------+-------------------------------------------
     0 | D:1      | Allula97 the Demonspawn Brigand began the quest for the
                  | Orb.
     0 | D:1      | Reached XP level 1. HP: 16/16 MP: 1/1
    17 | D:1      | Found a broken altar of Ashenzari.
    23 | D:1      | Became a worshipper of Ashenzari the Shackled
    37 | D:1      | Reached skill level 1 in Dodging
   150 | D:1      | Gained mutation: Spells you cast may paralyse adjacent
                  | enemies. [demonic ancestry]
   150 | D:1      | Reached XP level 2. HP: 22/22 MP: 2/2
   362 | D:1      | Reached skill level 4 in Stealth
   631 | D:1      | Reached XP level 3. HP: 27/27 MP: 3/3
  1490 | D:2      | Found a snail-covered altar of Cheibriados.
  1492 | D:2      | Found a shimmering blue altar of Sif Muna.
  2144 | D:2      | Reached skill level 1 in Armour
  2204 | D:2      | Noticed Robin
  2206 | D:2      | Reached XP level 4. HP: 30/33 MP: 4/4
  2257 | D:2      | Slain by a hobgoblin

Illustrated notes

Levels and vault maps discovered:
D:1:      eino_arrival_druids_welcome, layout_basic, evilmike_ruin_ashenzari
D:2:      layout_basic, chequers_temple_overflow_statue_of_worship, uniq_robin

Skill      XL: |  1  2  3 |
---------------+----------+-----
Dodging        | 1 |  1.6
Stealth        | 4 |  4.4
Short Blades   | 2 |  2.2
Armour         | 1 |  1.1
Fighting       | |  2.2
Throwing       | |  1.7
Spellcasting   | |  0.5

Action                   |  1- 3 |  4- 6 || total
-------------------------+-------+-------++-------
Melee: Dagger            |   145 |    34 ||   179
Throw: Dart              |     8 |       ||     8
Invok: Curse Item        |     1 |       ||     1
  Use: Potion            |       |     1 ||     1
 Stab: Sleeping          |     9 |       ||     9
Armor: Robe              |     5 |       ||     5
       Leather armour    |    23 |     2 ||    25
Dodge: Dodged            |    73 |    19 ||    92

Table legend: (Time is in decaauts)
 A = Elapsed time spent in this place.
 B = Non-inter-level travel time spent in this place.
 C = Inter-level travel time spent in this place.
 D = Time resting spent in this place.
 E = Time spent auto-exploring this place.
 F = Levels seen in this place.
 G = Mean time per level.
                   A        B        C        D        E       F      G
               +--------+--------+--------+--------+--------+-----+--------+
         Total |   2235 |   2189 |     46 |      0 |   1650 |   2 | 1117.5 |
       Dungeon |   2235 |   2189 |     46 |      0 |   1650 |   2 | 1117.5 |
               +--------+--------+--------+--------+--------+-----+--------+

Top non-repeatable levels by time:
     D:2: 1204 daAuts
     D:1: 1030 daAuts
